 Dungeon Crawl Stone Soup version 0.18-a0-1300-g6e8322c (webtiles) character file.

6512 Duffy the Martial Artist (level 11, -9/82 HPs)
             Began as an Octopode Transmuter on Feb 11, 2016.
             Was a Priest of Cheibriados.
             Mangled by a hill giant
             ... wielding a +0 giant club
              (26 damage)
             ... on level 10 of the Dungeon.
             The game lasted 00:24:09 (13371 turns).

Duffy the Martial Artist (Octopode Transmuter)     Turns: 13371, Time: 00:24:10

Health: -9/82      AC: 11    Str: 19    XL:     11   Next: 0%
Magic:  12/15      EV: 15    Int: 24    God:    Cheibriados [***...]
Gold:   439        SH:  0    Dex: 19    Spells: 5 memorised, 4 levels left

rFire  x . .     SeeInvis .       - Unarmed
rCold  + + +     Gourm    .     (shield currently unavailable)
rNeg   . . .     Faith    .     (helmet currently unavailable)
rPois  +         Spirit   .     (no amulet)
rElec  .         Dismiss  .     d - ring of flight
rCorr  .         Reflect  .     w - ring of stealth
SustAt .         Harm     .     y - +4 ring of protection
MR     .....                    (no ring)
Stlth  +++.......               (no ring)
                                (no ring)
                                (no ring)
                                (no ring)

@: ice-form, studying Staves, repel missiles, very slow, not resistant to
hostile enchantments, fairly stealthy
A: almost no armour, amphibious, 8 rings, (constrict 8), (camouflage 0),
(gelatinous body 0)
a: End Transformation, Bend Time, Temporal Distortion, Renounce Religion, Evoke
Flight


You were on level 10 of the Dungeon.
You worshipped Cheibriados.
Cheibriados was most pleased with you.
You were hungry.
You were a creature of crystalline ice.
You visited 2 branches of the dungeon, and saw 11 of its levels.
You also visited: Sewer and Ossuary.

You collected 439 gold pieces.


Innate Abilities, Weirdness & Mutations

You cannot wear most types of armour.
You are amphibious.
You can wear up to eight rings at the same time.
((You can use your tentacles to constrict eight enemies at once.))
((Your skin changes colour to match your surroundings (Stealth).))
((Your rubbery body absorbs attacks (AC +1).))


   Skills:
 - Level 4.0 Fighting
 + Level 7.3 Dodging
 + Level 11.0 Unarmed Combat
 - Level 3.0 Spellcasting
 - Level 8.0 Transmutations
 - Level 4.0 Ice Magic
 - Level 2.0 Poison Magic


You had 4 spell levels left.
You knew the following spells:

 Your Spells              Type           Power        Failure   Level  Hunger
a - Ice Form              Ice/Trmt       ####....     12%         4    ####...
b - Sticks to Snakes      Trmt           #####...     1%          2    ##.....
i - Beastly Appendage     Trmt           #####.       1%          1    None
l - Spider Form           Trmt/Pois      ####......   4%          3    ###....
m - Repel Missiles        Chrm/Air       #.....       17%         2    ##.....

Inventory:

Missiles
 a - 58 arrows
 e - 35 poisoned needles
Armour
 M - a +2 hat (melded)
Magical Staves
 u - an uncursed staff of fire
Jewellery
 d - a ring of flight (left front paw)
 w - a ring of stealth (right front paw)
 y - a +4 ring of protection (on tentacle)
Wands
 B - a wand of lightning (2/15)
 D - a wand of lightning (4/15)
 F - a wand of teleportation (3/9)
 K - a wand of flame (31/48)
 T - a wand of flame (23/48)
Scrolls
 g - 7 scrolls of remove curse
 h - 4 scrolls of fear
 i - a scroll of brand weapon {unknown}
 m - a scroll of enchant armour
 n - a scroll of blinking {unknown}
 o - 4 scrolls of enchant weapon
 r - 6 scrolls of teleportation
 v - a scroll of recharging
 G - a scroll of holy word {unknown}
 I - a scroll of fog {unknown}
 L - a scroll of noise {unknown}
 O - 2 scrolls of magic mapping {unknown}
 R - a scroll of amnesia {unknown}
Potions
 f - 2 potions of ambrosia
 j - a potion of cure mutation
 p - 4 potions of lignification
 q - 4 potions of brilliance
 s - a potion of heal wounds
 t - 2 potions of might
 z - a potion of invisibility
 A - a potion of resistance
 J - a potion of agility
 N - 3 potions of curing {unknown}
 S - a potion of magic {unknown}
 U - a potion of experience {unknown}
Books
 b - a book of Changes
 x - a book of Air
 C - the Reference Book on Nocuous Transmutation

   Spells                             Type                      Level
   a - Beastly Appendage              Transmutation                1
   b - Olgreb's Toxic Radiance        Poison                       4
   c - Venom Bolt                     Conjuration/Poison           5
   d - Alistair's Intoxication        Transmutation/Poison         5
   e - Blade Hands                    Transmutation                5
 E - a manual of Staves
Comestibles
 c - 6 bread rations
 P - 2 beef jerkies
 Q - 8 slices of pizza

Dungeon Overview and Level Annotations

Branches:
Dungeon (10/15)            Temple (1/1) D:6            Lair (0/8) D:9
    Orc: D:9-12

Altars:
Ashenzari
Cheibriados
Dithmenos
Elyvilon
Fedhas
Gozag
Kikubaaqudgha
Makhleb
Nemelex Xobeh
Okawaru
Pakellas
Qazlal
Ru
Sif Muna
Trog
Vehumet
Xom
Yredelemnul
Zin
The Shining One

Shops:
D:4 *


Message History

You are feeling hungry.
Mmmm...
Yummy peach.
Done exploring.
(D) Dungeon (T) Temple (L) Lair
Where to? (* - list waypoints, Enter - D:9, ? - help)
You see here a flail.
There is a stone staircase leading down here.
You climb downwards.
A hill giant comes into view. It is wielding a giant club.
Found 29 stones.
Found an escape hatch in the floor.
There is a stone staircase leading up here.
Cast which spell? (? or * to list)
You turn into a creature of crystalline ice.
Your +2 hat melds into your body.
The hill giant shouts!
You hit the hill giant but do no damage.
The hill giant hits you with a giant club!!
You hit the hill giant. You freeze the hill giant.
The hill giant is lightly wounded.
The hill giant hits you with a giant club!!
You are too injured to fight recklessly!
You completely miss the hill giant.
The hill giant is lightly wounded.
You punch the hill giant! You freeze the hill giant.
The hill giant is moderately wounded.
The hill giant hits you with a giant club!
You punch the hill giant! You freeze the hill giant.
The hill giant is heavily wounded.
The hill giant hits you with a giant club!
You hit the hill giant. You freeze the hill giant.
The hill giant is heavily wounded.
You punch the hill giant! You freeze the hill giant.
The hill giant is severely wounded.
The hill giant hits you with a giant club!!
You die...

#########.##
#(.........#
#...>......#
...........#
#..........#
#..........#
#..........#
#.....CY...#
#..........#
#########.##
.# #


You could see a hill giant.

Action                   |  1- 3 |  4- 6 |  7- 9 | 10-12 || total
-------------------------+-------+-------+-------+-------++-------
Melee: Unarmed           |    84 |    76 |   293 |   212 ||   665
 Cast: Spider Form       |       |     5 |     6 |       ||    11
       Ice Form          |       |       |    25 |    27 ||    52
       Repel Missiles    |       |       |       |     2 ||     2
  Use: Scroll            |       |       |    17 |     2 ||    19
       Potion            |       |       |     1 |     1 ||     2
 Stab: Sleeping          |     6 |     2 |    10 |     9 ||    27
       Distracted        |       |       |     1 |     1 ||     2
  Eat: Chunk             |     1 |     8 |    16 |     6 ||    31
       Beef jerky        |       |       |     3 |       ||     3
       Royal jelly       |       |       |     1 |       ||     1
       Pizza             |       |       |     1 |       ||     1
       Fruit             |       |       |       |     3 ||     3
       Meat ration       |       |       |       |     1 ||     1

Notes
Turn   | Place    | Note
--------------------------------------------------------------
     0 | D:1      | Duffy the Octopode Transmuter began the quest for the Orb.
     0 | D:1      | Reached XP level 1. HP: 13/13 MP: 3/3
    84 | D:1      | Reached XP level 2. HP: 16/18 MP: 5/5
    90 | D:1      | Learned a level 2 spell: Sticks to Snakes
   930 | D:2      | Reached XP level 3. HP: 23/23 MP: 6/6
   957 | D:2      | Found a burning altar of Makhleb.
   957 | D:2      | Found a shimmering altar of Xom.
  1265 | D:2      | Learned a level 3 spell: Spider Form
  1275 | D:2      | Found a stormy altar of Qazlal.
  1347 | D:2      | Noticed Ijyb
  1366 | D:2      | Killed Ijyb
  1366 | D:2      | Reached skill level 4 in Unarmed Combat
  1366 | D:2      | Reached skill level 1 in Poison Magic
  1366 | D:2      | Reached XP level 4. HP: 9/28 MP: 7/7
  1408 | D:2      | Noticed Terence
  1710 | D:2      | Killed Terence
  1744 | D:2      | Found a glowing silver altar of Zin.
  1938 | D:2      | Reached skill level 3 in Spellcasting
  2285 | D:3      | Found an oddly glowing altar of Pakellas.
  2424 | D:3      | Found a sacrificial altar of Ru.
  2603 | D:3      | Found a glowing silver altar of Zin.
  2976 | D:4      | Noticed Pikel
  2976 | D:4      | Noticed a slave
  2976 | D:4      | Noticed a slave
  2976 | D:4      | Noticed a slave
  2977 | D:4      | Noticed a slave
  2997 | D:3      | Killed a slave
  3283 | D:3      | Reached skill level 2 in Poison Magic
  3331 | D:4      | Reached XP level 5. HP: 27/33 MP: 6/9
  3387 | D:4      | Learned a level 4 spell: Ice Form
  3435 | D:4      | Reached skill level 3 in Transmutations
  3610 | D:4      | Killed Pikel
  3610 | D:4      | Reached skill level 5 in Transmutations
  3610 | D:4      | Reached skill level 3 in Ice Magic
  3610 | D:4      | Reached XP level 6. HP: 13/38 MP: 2/10
  3610 | D:4      | Reached XP level 7. HP: 14/43 MP: 2/11
  3932 | D:4      | Reached skill level 4 in Ice Magic
  4035 | D:4      | Found an opulent altar of Gozag.
  4037 | D:4      | Found Gozag's Platinum Reserve.
  4075 | D:4      | Noticed Eustachio
  4222 | D:4      | Killed Eustachio
  4634 | D:4      | Reached skill level 5 in Unarmed Combat
  4634 | D:4      | Reached XP level 8. HP: 48/48 MP: 7/12
  4679 | D:5      | Entered Level 5 of the Dungeon
  4718 | D:5      | Noticed Sigmund
  4729 | D:5      | Killed Sigmund
  4729 | D:5      | Reached skill level 6 in Transmutations
  4816 | D:5      | Found a shimmering altar of Xom.
  4903 | D:5      | Identified the Reference Book on Nocuous Transmutation (You found it on level 5 of the Dungeon)
  4994 | D:5      | Reached skill level 6 in Unarmed Combat
  5386 | D:5      | Found a blossoming altar of Fedhas.
  5404 | D:5      | Found an ancient bone altar of Kikubaaqudgha.
  5622 | D:5      | Reached skill level 7 in Transmutations
  6384 | D:6      | Reached skill level 7 in Unarmed Combat
  6519 | D:6      | Found a deep blue altar of Sif Muna.
  6555 | D:6      | Found a glowing drain.
  6559 | Sewer    | Entered a sewer
  6730 | Sewer    | Reached XP level 9. HP: 53/53 MP: 8/13
  7199 | D:6      | Reached skill level 8 in Transmutations
  7278 | D:6      | Noticed dvd's ghost (novice MiHu)
  7306 | D:6      | Killed dvd's ghost
  7306 | D:6      | Reached skill level 2 in Fighting
  7306 | D:6      | Reached skill level 8 in Unarmed Combat
  7387 | D:6      | Reached skill level 3 in Fighting
  7655 | D:7      | Noticed Duvessa
  7655 | D:7      | Noticed Dowan
  8095 | D:7      | Killed Duvessa
  8102 | D:7      | Killed Dowan
  8441 | D:7      | Found a shattered altar of Ashenzari.
  8462 | D:7      | Reached skill level 4 in Fighting
  8640 | D:6      | Found a staircase to the Ecumenical Temple.
  8648 | Temple   | Entered the Ecumenical Temple
  8668 | Temple   | Became a worshipper of Cheibriados the Contemplative
  9100 | D:7      | Found Myquh's Assorted Antiques.
  9247 | D:7      | Reached skill level 9 in Unarmed Combat
  9304 | D:7      | Noticed Joseph
  9319 | D:7      | Killed Joseph
  9319 | D:7      | Reached skill level 3 in Dodging
  9319 | D:7      | Reached XP level 10. HP: 19/63 MP: 10/14
  9882 | D:8      | Found a sand-covered staircase.
  9948 | Ossuary  | Entered an ossuary
 10027 | Ossuary  | Learned a level 2 spell: Repel Missiles
 10148 | Ossuary  | Reached * piety under Cheibriados
 10416 | Ossuary  | Noticed Menkaure
 10428 | Ossuary  | Killed Menkaure
 10428 | Ossuary  | Reached skill level 4 in Dodging
 10650 | D:8      | Found a glowing golden altar of the Shining One.
 11093 | D:8      | Reached ** piety under Cheibriados
 11210 | D:8      | Reached skill level 5 in Dodging
 11500 | D:8      | Reached skill level 10 in Unarmed Combat
 11668 | D:8      | Found an iron altar of Okawaru.
 12100 | D:9      | Found a bloodstained altar of Trog.
 12111 | D:9      | Found an iron altar of Okawaru.
 12155 | D:9      | Reached skill level 6 in Dodging
 12293 | D:9      | Found a shadowy altar of Dithmenos.
 12563 | D:9      | Noticed slayr's ghost (novice DEWz)
 12575 | D:9      | Killed slayr's ghost
 12802 | D:9      | Found a staircase to the Lair.
 12818 | D:9      | Reached *** piety under Cheibriados
 12818 | D:9      | Reached skill level 7 in Dodging
 13001 | D:9      | Reached skill level 11 in Unarmed Combat
 13183 | D:9      | Reached XP level 11. HP: 69/69 MP: 10/15
 13361 | D:10     | Entered Level 10 of the Dungeon
 13361 | D:10     | Noticed a hill giant
 13371 | D:10     | Mangled by a hill giant

Vault maps used:
D:1:      dpeg_arrival_tiny_a
D:2:      kennysheep_big_flooded_room, gammafunk_temple_overflow_elements,
          nicolae_overflow_crystal_walls, lemuel_crystal_altar, uniq_terence,
          uniq_iyjb
D:3:      old_standard_altar, lemuel_coloured_pillars_altar,
          kennysheep_small_spiral, minmay_stone_trees_small,
          kennysheep_pointless_box, minmay_misc_feat_chi, lemuel_statue_altar
D:4:      nicolae_gozag_zags_fifth_avenue, first_bread, uniq_eustachio,
          uniq_pikel
D:5:      kiku_gazebo_pond_becter, overflow_temple_1_default, dk_xom_monty_hall,
          uniq_sigmund
D:6:      overflow_temple_1_default, minmay_temple_entry_from_below_b,
          gup_sewer_entry_bowl
D:7:      ashenzari_altar_1, serial_shops, kennysheep_mini, uniq_joseph,
          uniq_duvessa
D:8:      wad_crossroads, lemuel_crystal_altar, gup_ossuary_entry_pyramid,
          grunt_livestock, tso_metal_star
D:9:      nicolae_dithmenos_the_darkroom, david_lair_shrubbed, basic_altar,
          st_stairs_9, okawaru_trees_2
Temple:   temple_island_7
Sewer:    sewer_frog_island_01
Ossuary:  ossuary_due_pyramid

Vanquished Creatures
  The ghost of slayr the Destroyer, a novice DEWz of Vehumet Pikel Joseph
  The ghost of dvd the Shooter, a novice MiHu of Okawaru
  A komodo dragon
  A two-headed ogre Eustachio Sigmund
  2 wyverns
  A human
  2 yaks
  A hippogriff Menkaure Duvessa
  A water moccasin
  2 orc warriors
  2 slaves
  3 ice beasts
  An ogre
  A phantom
  A centaur
  2 big kobolds
  4 giant frogs
  A wyvern zombie Dowan
  4 scorpions
  A water moccasin skeleton
  6 killer bees
  2 crimson imps
  A giant frog zombie
  A hound
  6 jellies
  5 orc wizards
  A centaur skeleton
  8 orc priests
  2 giant frog skeletons
  An iguana Ijyb Terence
  11 worker ants
  A hound zombie
  2 hound skeletons
  4 mummies
  4 adders
  2 adder zombies
  5 adder skeletons
  A worm
  8 giant geckos
  24 orcs
  7 ball pythons
  10 giant cockroaches
  4 gnoll zombies
  7 goblins
  9 hobgoblins
  8 jackals
  6 quokkas
  5 sheep
  7 bats
  2 giant gecko skeletons
  11 giant newts
  3 gnoll skeletons
  5 goblin skeletons
  2 goblin zombies
  7 hobgoblin skeletons
  2 hobgoblin zombies
  10 kobolds
  3 kobold skeletons
  4 kobold zombies
  2 orc skeletons
  5 orc zombies
  13 rats
  5 rat skeletons
  8 rat zombies
  A plant
283 creatures vanquished.
